 Dungeon Crawl Stone Soup version 0.31-a0-1581-g41d5ff3e7b (webtiles) character file.

Game seed: 5329485638500270968

87 Amplified the Apothecary (level 4, -3/36 HPs)
             Began as a Minotaur Alchemist on Jan 5, 2024.
             Slain by a gnoll
             ... wielding a +0 halberd
              (10 damage)
             ... on level 3 of the Dungeon.
             The game lasted 00:03:22 (2198 turns).

Amplified the Apothecary (Minotaur Alchemist)       Turns: 2198, Time: 00:03:23

Health: -3/36      AC:  3    Str: 15    XL:     4   Next: 28%
Magic:  0/5        EV: 12    Int: 12    God:
Gold:   164        SH:  0    Dex: 10    Spells: 5/6 levels left

rFire   . . .        c - staff of alchemy
rCold   . . .        (no shield)
rNeg    . . .        a - +0 robe
rPois   +            (helmet restricted)
rElec   .            d - +0 cloak
rCorr   .            (no gloves)
SInv    .            (no boots)
Will    .....        (no amulet)
Stlth   ++           (no ring)
HPRegen 0.26/turn    (no ring)
MPRegen 0.09/turn

%: no passive effects
@: very slightly contaminated
A: horns 2, retaliatory headbutt
a: no special abilities


You were on level 3 of the Dungeon.
You visited 1 branch of the dungeon, and saw 3 of its levels.

You collected 164 gold pieces.

Inventory:

Missiles
 e - a throwing net
 h - 11 poisoned darts
Armour
 a - a +0 robe (worn)
 d - a +0 cloak (worn)
Magical Staves
 c - a staff of alchemy (weapon)
Scrolls
 i - a scroll of fog
 j - a scroll of silence {unknown}
Potions
 b - a potion of magic


   Skills:
 * Level 2.0 Fighting
 * Level 1.9 Staves
 - Level 2.1 Dodging
 - Level 1.5 Stealth
 * Level 1.9 Spellcasting
 - Level 0.6 Conjurations
 * Level 2.4 Alchemy
 * Level 1.3 Evocations


You had 5 spell levels left.
You knew the following spells:

 Your Spells              Type           Power      Damage    Failure   Level
a - Sting                 Conj/Alch      28%        1d4       14%         1

Your spell library contained the following spells:

 Spells                   Type           Power      Damage    Failure   Level
 Mercury Vapours          Alch/Air       12%        N/A       26%         2
 Mephitic Cloud           Conj/Alch/Air  5%         N/A       47%         3
 Hailstorm                Conj/Ice       1%         3d5       58%         3
 Summon Ice Beast         Ice/Summ       1%         N/A       63%         3
 Olgreb's Toxic Radiance  Alch           10%        N/A       69%         4
 Sticky Flame             Fire/Alch      6%         2d4       86%         4
 Sculpt Simulacrum        Ice/Alch       3%         N/A       100%        6


Dungeon Overview and Level Annotations

Branches:
Dungeon (3/15)

Altars:
Nemelex Xobeh


Innate Abilities, Weirdness & Mutations

You have a pair of horns on your head.
You reflexively headbutt those who attack you in melee.


Message History

The gnoll closely misses you.
Unknown command.
Casting: Sting (safe; 14% risk of failure)
Confirm with . or Enter, or press ? or * to list all spells.
Aiming: Sting (safe; 14% risk of failure)
Press: ? - help, Shift-Dir - straight line, f/p - gnoll
Aim: a gnoll, wielding a +0 halberd (moderately wounded, poisoned, 72% to hit)
You feel a surge of power!
The sting hits the gnoll.
The gnoll looks even sicker.
The gnoll is moderately wounded.
The gnoll hits you from afar with a +0 halberd!
* * * LOW HITPOINT WARNING * * *
Unknown command.
Unknown command.
You feel better. The gnoll misses you.
Unknown command.
Casting: Sting (safe; 14% risk of failure)
Confirm with . or Enter, or press ? or * to list all spells.
Aiming: Sting (safe; 14% risk of failure)
Press: ? - help, Shift-Dir - straight line, f/p - gnoll
Aim: a gnoll, wielding a +0 halberd (severely wounded, poisoned, 72% to hit)
You feel a surge of power!
You miscast Sting.
You are very lightly contaminated with residual magic.
Nothing appears to happen.
The gnoll hits you from afar with a +0 halberd!
* * * LOW HITPOINT WARNING * * *
Unknown command.
You aren't carrying any items that you can evoke.
Unknown command.
Okay, then.
Casting: Sting (safe; 14% risk of failure)
Confirm with . or Enter, or press ? or * to list all spells.
Aiming: Sting (safe; 14% risk of failure)
Press: ? - help, Shift-Dir - straight line, f/p - gnoll
Aim: a gnoll, wielding a +0 halberd (severely wounded, poisoned, 72% to hit)
You feel a surge of power!
The sting hits the gnoll.
The gnoll looks even sicker.
The gnoll is severely wounded.
The gnoll hits you from afar with a +0 halberd!
You die...

####**** .>..,,,* ....,,,*
....,,,* ######## .....,,*
#..S...# .....,,* #.####S#
.....,,* #.# #g# .....,,*
#)# #.# #....,,* #S####@##
.g.....####.#.....#
............#.##..###
............#,,#....#
,...........#,,#..#.#######
,,..........#*,##.#.......#
,,,....S.....,,,..######.##
,,,,.......##*,#### #.#
,,,,.......+,,,* #.#


You could see a gnoll (very poisoned) and a ball python.

Vanquished Creatures
  2 gnolls
  2 adders (D:2)
  2 ribbon worms
  2 endoplasms
  3 giant cockroaches
  4 hobgoblins (D:1)
  6 jackals
  6 kobolds
  2 quokkas
  3 ball pythons (D:1)
  3 bats (D:1)
  A frilled lizard (D:1)
  4 goblins
  2 rats (D:2)
42 creatures vanquished.

Notes
Turn   | Place    | Note
-------+----------+-------------------------------------------
     0 | D:1      | Amplified the Minotaur Alchemist began the quest for the
                  | Orb.
     0 | D:1      | Reached XP level 1. HP: 14/14 MP: 1/1
   199 | D:1      | Reached skill level 1 in Fighting
   199 | D:1      | Reached XP level 2. HP: 23/23 MP: 3/3
   389 | D:1      | Reached skill level 1 in Staves
  1009 | D:2      | Reached XP level 3. HP: 18/28 MP: 4/4
  1112 | D:2      | Found a sparkling altar of Nemelex Xobeh.
  1118 | D:2      | Reached skill level 1 in Evocations
  1940 | D:2      | Reached XP level 4. HP: 28/36 MP: 3/5
  2198 | D:3      | Slain by a gnoll

Illustrated notes

Levels and vault maps discovered:
D:1:      lemuel_arrival_cross, layout_basic
D:2:      layout_loops_corners, basic_altar
D:3:      layout_basic, kennysheep_pointless_box

Skill      XL: |  1  2  3 |
---------------+----------+-----
Fighting       | 1 2 |  2.0
Staves         | 1 |  1.9
Evocations     | 1 |  1.3
Dodging        | |  2.1
Stealth        | |  1.5
Spellcasting   | |  1.9
Conjurations   | |  0.6
Alchemy        | |  2.4

Action                     |  1- 3 |  4- 6 || total
---------------------------+-------+-------++-------
  Melee: Staff             |    63 |     8 ||    71
         Unarmed           |     4 |       ||     4
         Headbutt          |    16 |     4 ||    20
         Punch             |     1 |       ||     1
   Cast: Sting             |     6 |     5 ||    11
    Use: Scroll            |     7 |     1 ||     8
         Potion            |       |     2 ||     2
   Stab: Sleeping          |     4 |       ||     4
 Armour: Robe              |    43 |    10 ||    53
  Dodge: Dodged            |    57 |     9 ||    66

Table legend: (Time is in decaauts)
 A = Elapsed time spent in this place.
 B = Non-inter-level travel time spent in this place.
 C = Inter-level travel time spent in this place.
 D = Time resting spent in this place.
 E = Time spent auto-exploring this place.
 F = Levels seen in this place.
 G = Mean time per level.
                   A        B        C        D        E       F      G
               +--------+--------+--------+--------+--------+-----+--------+
         Total |   2206 |   2083 |    123 |     11 |   1543 |   3 |  735.3 |
       Dungeon |   2206 |   2083 |    123 |     11 |   1543 |   3 |  735.3 |
               +--------+--------+--------+--------+--------+-----+--------+

Top non-repeatable levels by time:
     D:1: 966 daAuts
     D:2: 883 daAuts
     D:3: 357 daAuts
